 Dungeon Crawl Stone Soup version 0.27.0-1-g7a089689b8 (webtiles) character file.

Game seed: 5140684837996422220

423 SnakkuSnakku7 the Chopper (level 6, -2/35 HPs)
             Began as a Vine Stalker Berserker on Aug 11, 2021.
             Was a Priest of Trog.
             Succumbed to an orc's poison
             ... on level 4 of the Dungeon.
             The game lasted 00:04:11 (1865 turns).

SnakkuSnakku7 the Chopper (Vine Stalker Berserker)  Turns: 1865, Time: 00:04:12

Health: -2/35      AC:  3    Str: 21    XL:     6   Next: 95%
Magic:  3/7        EV: 12    Int:  7    God:    Trog [***...]
Gold:   110        SH:  0    Dex: 14    Spells: 5/5 levels left

rFire    . . .     SeeInvis .   a - +0 hand axe
rCold    . . .     Faith    .   (no shield)
rNeg     . . .     Spirit   +   b - +0 animal skin
rPois    .         Reflect  .   (no helmet)
rElec    .         Harm     .   h - +0 cloak
rCorr    +         Rampage  .   (no gloves)
Will     ++...                  (no boots)
Stlth    +.........             (no amulet)
HPRegen  2.11/turn              k - ring of resist corrosion
MPRegen  0.10/turn              (no ring)

@: lethally poisoned (-2 -> -12), strong-willed, on berserk cooldown,
regenerating, slowed, very slow
A: fangs 2, regeneration 1, magic shield, antimagic bite, no potion heal 2
a: Renounce Religion, Berserk, Trog's Hand


You were on level 4 of the Dungeon.
You worshipped Trog.
Trog was most pleased with you.
You visited 1 branch of the dungeon, and saw 4 of its levels.

You collected 128 gold pieces.
You spent 18 gold pieces at shops.

Inventory:

Hand Weapons
 a - a +0 hand axe (weapon)
Armour
 b - a +0 animal skin (worn)
 h - a +0 cloak (worn)
Jewellery
 k - a ring of resist corrosion (left hand)
Scrolls
 c - a scroll of enchant weapon {unknown}
 d - 3 scrolls of teleportation {unknown}
 f - a scroll of magic mapping {unknown}
 l - a scroll of blinking {unknown}
Potions
 e - a potion of mutation {unknown}
 g - 2 potions of haste {unknown}
 i - 2 potions of attraction {unknown}
 j - a potion of curing {unknown}
 m - 2 potions of heal wounds {unknown}


   Skills:
 - Level 5.0 Fighting
 + Level 5.4 Axes
 - Level 1.5 Armour
 - Level 1.5 Dodging


You had 5 spell levels left.
You didn't know any spells.
Your spell library was empty.

Dungeon Overview and Level Annotations

Branches:
Dungeon (4/15)
 Temple: D:4-7

Altars:

Shops:
D:2 [[*


Innate Abilities, Weirdness & Mutations

You have extremely sharp teeth.
Your natural rate of healing is unusually fast.
When hurt, damage is shared between your health and your magic reserves.
Your bite disrupts and absorbs the magic of your enemies.
Potions cannot restore your health.


Message History

You slash the orc!
You kill the orc!
Trog accepts your kill. The orc completely misses you.
The orc barely misses you.
Found 12 gold pieces.
You see here a +0 flail.
You hit the orc. Your bite misses the orc.
The orc is heavily wounded.
The orc closely misses you.
You hit the orc.
You kill the orc!
Trog accepts your kill.
You closely miss the orc.
The orc hits you with a +1 dagger of venom.
You are poisoned.
The orc hits you with a +1 dagger of venom.
You are more poisoned.
You hit the orc. You bite the orc, but do no damage.
The orc is lightly wounded.
You feel extremely sick. The orc hits you but does no damage.
You are more poisoned.
You hit the orc but do no damage. You bite the orc, but do no damage.
The orc is lightly wounded.
You feel extremely sick.
The orc hits you with a +1 dagger of venom.
You are lethally poisoned!
A quokka comes into view.
The orc hits you with a +1 dagger of venom.
You barely miss the orc.
The orc is lightly wounded.
* * * LOW HITPOINT WARNING * * *
You feel extremely sick.
The orc hits you with a +1 dagger of venom.
* * * LOW HITPOINT WARNING * * *
You are more poisoned.
The orc closely misses you.
Your skin crawls.
You feel strong-willed.
You die...

######### #<......# ..
#.......#
$..####.......#
............r.####
......)o..........
######@.))...#
.[......))....#
############.#.........
#....<...###.#..###....
##...........#.... ...
##############.... ..
.[..... ....... .......


You could see an orc and a quokka (wandering).

Vanquished Creatures
  The ghost of trckry the Grasshopper, an amateur OgWr of Lugonu (D:3)
  Menkaure (D:4)
  An orc priest (D:4)
  3 adders
  3 worms
  6 orcs
  6 endoplasms
  3 giant cockroaches
  5 goblins
  5 hobgoblins
  13 jackals
  2 quokkas
  7 ball pythons
  7 bats
  4 frilled lizards
  4 kobolds (D:3)
  2 rats
73 creatures vanquished.

Vanquished Creatures (others)
  A plant (D:1)
1 creature vanquished.

Grand Total: 74 creatures vanquished

Notes
Turn   | Place    | Note
-------+----------+-------------------------------------------
     0 | D:1      | SnakkuSnakku7 the Vine Stalker Berserker began the quest
                  | for the Orb.
     0 | D:1      | Reached XP level 1. HP: 11/11 MP: 2/2
   144 | D:1      | Reached XP level 2. HP: 16/16 MP: 3/3
   247 | D:1      | Reached XP level 3. HP: 1/20 MP: 1/4
   295 | D:1      | Found a faded altar of an unknown god.
   372 | D:1      | Reached ** piety under Trog
   750 | D:2      | Found Kupat's Assorted Antiques.
   753 | D:2      | Bought a cyan potion for 18 gold pieces
   779 | D:2      | Found Yharawk's Armour Shop.
   919 | D:2      | Gained mutation: Your natural rate of healing is unusually
                  | fast. [Vine Stalker growth]
   919 | D:2      | Reached XP level 4. HP: 9/25 MP: 5/5
  1122 | D:2      | Found Guam's Antique Armour Shoppe.
  1206 | D:3      | Noticed trckry's ghost (amateur OgWr)
  1207 | D:3      | Found a runed translucent door.
  1236 | D:3      | Killed trckry's ghost
  1237 | D:3      | Reached XP level 5. HP: 30/30 MP: 3/6
  1237 | D:3      | Reached XP level 6. HP: 34/34 MP: 3/7
  1843 | D:4      | Noticed Menkaure
  1852 | D:4      | Killed Menkaure
  1853 | D:4      | Reached skill level 5 in Fighting
  1853 | D:4      | Reached skill level 5 in Axes
  1858 | D:4      | Reached *** piety under Trog
  1865 | D:4      | Succumbed to an orc's poison

Illustrated notes

Levels and vault maps discovered:
D:1:      roderic_crop_circles_arrival_small, layout_basic,
          shapermc_ecumenical_altar_hornbeckon, minmay_misc_feat_x,
          serial_bayou_crossing
D:2:      layout_basic, serial_shops, nicolae_shop_behind_doors,
          nicolae_shop_waterfront, nicolae_shop_window_shopping,
          hangedman_decor_clover_reticule
D:3:      layout_basic, hellmonk_ghost_happy_afterlife, grunt_decor_junction,
          mrwooster_statue_mirror
D:4:      minmay_polygon_palace, layout_basic,
          minmay_temple_entry_gardened_gates, chequers_serial_rivers_micro_e,
          kennysheep_cluttered_room, uniq_menkaure

Skill      XL: |  1  2  3  4  5  6 |
---------------+-------------------+-----
Fighting       | 3 4 5 |  5.0
Axes           | 3 4 5 |  5.4
Armour         | |  1.5
Dodging        | |  1.5

Action                   |  1- 3 |  4- 6 || total
-------------------------+-------+-------++-------
Melee: Hand axe          |    83 |    82 ||   165
       Bite              |    19 |    26 ||    45
Invok: Berserk           |     2 |     3 ||     5
       Trog's Hand       |       |     1 ||     1
Armor: Animal skin       |    28 |    21 ||    49
Dodge: Dodged            |    59 |    66 ||   125
